 Dungeon Crawl Stone Soup version 0.28-a0-1412-gf95308ed99 (webtiles) character file.

Game seed: 4131747454554379058

13310 septik the Severer (level 11, -7/104 HPs)
             Began as a Minotaur Berserker on Jan 4, 2022.
             Was an Elder of Trog.
             Splashed by a goliath frog's acid (10 damage)
             ... summoned by a worldbinder
             ... on level 1 of the Abyss on Jan 6, 2022.
             The game lasted 00:26:24 (9149 turns).

septik the Severer (Minotaur Berserker)             Turns: 9149, Time: 00:26:25

Health: -7/104     AC:  8    Str: 25    XL:     11   Next: 73%
Magic:  10/10      EV: 19    Int:  4    God:    Trog [****..]
Gold:   462        SH:  0    Dex: 11    Spells: 10/10 levels left

rFire   + . .      SeeInvis .   a - +0 war axe
rCold   . . .      Faith    .   M - orb {guile}
rNeg    . . .      Spirit   .   O - +2 scale mail {rF+}
rPois   .          Reflect  .   (helmet restricted)
rElec   .          Harm     .   (no cloak)
rCorr   .          Rampage  .   (no gloves)
Will    .....                   t - +0 pair of boots
Stlth   ..........              y - amulet of regeneration
HPRegen 0.00/turn               i - +4 ring of evasion
MPRegen 0.12/turn               B - +4 ring of evasion

@: confused, corroded, on berserk cooldown, sick, slowed, very slow
A: horns 2, retaliatory headbutt
a: Renounce Religion, Berserk, Trog's Hand, Brothers in Arms


You were on level 1 of the Abyss.
You worshipped Trog.
Trog was greatly pleased with you.
You visited 1 branch of the dungeon, and saw 9 of its levels.
You visited the Abyss 1 time.

You collected 578 gold pieces.
You spent 116 gold pieces at shops.

Inventory:

Hand Weapons
 a - a +0 war axe (weapon)
 T - a +0 whip of venom
Missiles
 h - 375 stones (quivered)
 k - 37 poisoned darts
 x - a boomerang of dispersal
 F - a silver boomerang
 H - 7 boomerangs
 K - 5 curare-tipped darts
 P - 2 throwing nets
Armour
 t - a +0 pair of boots (worn)
 M - an orb of guile (worn)
 O - a +2 scale mail of fire resistance (worn)
Jewellery
 i - a +4 ring of evasion (left hand)
 q - a ring of flight
 y - an amulet of regeneration (around neck)
 B - a +4 ring of evasion (right hand)
 D - a +6 ring of dexterity
 I - a ring of protection from cold
 N - a ring of protection from fire
 W - a ring of positive energy
Wands
 r - a wand of acid (21)
 s - a wand of digging (3)
 Q - a wand of iceblast (15)
Scrolls
 c - 2 scrolls of magic mapping {unknown}
 d - 3 scrolls of noise {unknown}
 e - 4 scrolls of vulnerability {unknown}
 o - 8 scrolls of teleportation
 u - 7 scrolls of identify
 w - a scroll of enchant armour {unknown}
 C - a scroll of amnesia {unknown}
 E - 2 scrolls of blinking {unknown}
 G - 3 scrolls of fog {unknown}
 J - a scroll of silence {unknown}
 L - a scroll of torment {unknown}
 S - a scroll of fear {unknown}
 V - a scroll of enchant weapon {unknown}
Potions
 b - 2 potions of might
 f - 7 potions of lignification
 g - 2 potions of degeneration {unknown}
 j - 6 potions of curing {unknown}
 l - a potion of heal wounds {unknown}
 m - 4 potions of haste
 n - 3 potions of mutation {unknown}
 p - 3 potions of cancellation {unknown}
 v - a potion of magic {unknown}
 z - 2 potions of brilliance {unknown}
 A - a potion of berserk rage {unknown}
 R - a potion of flight {unknown}
 U - 3 potions of attraction {unknown}
 X - a potion of invisibility {unknown}


   Skills:
 + Level 11.9 Fighting
 + Level 16.2 Axes
 + Level 11.6 Armour
 - Level 2.1 Dodging


You had 10 spell levels left.
You didn't know any spells.
Your spell library was empty.

Dungeon Overview and Level Annotations

Branches:
Dungeon (9/15)             Temple (0/1) D:4            Lair (0/6) D:9
    Orc (0/2) D:9

Altars:
Ashenzari
Elyvilon
Makhleb
Nemelex Xobeh
Ru
Vehumet
Wu Jian
Xom
Yredelemnul

Shops:
D:3 !*?   D:7 [

Annotations:
D:9 exclusion: 2 doors, Erolcha


Innate Abilities, Weirdness & Mutations

You have a pair of horns on your head.
You reflexively headbutt those who attack you in melee.


Message History

The worldbinder is moderately damaged.
You slash the bog body!
You are engulfed in noxious fumes.
You choke on the stench!
You are more confused.
The worldbinder calls forth creatures from the Swamp!
You bump into the stone wall.
The worldbinder hits you but does no damage. x2
The bog body touches you. The bog body freezes you!!
The worldbinder closely misses you. x2
Unknown command.
You're too confused to move!
You feel a strong urge to attack something.
The bog body closely misses you. The goliath frog misses you.
The worldbinder hits you.
The worldbinder hits you but does no damage.
You bump into the stone wall.
You are no longer berserk.
You are exhausted.
You feel as though you will be slow longer.
The bog body disappears in a puff of smoke!
The worldbinder misses you. The worldbinder barely misses you.
The goliath frog barely misses you.
Unknown command.
You're too confused to move!
The worldbinder closely misses you. x2; The goliath frog hits you from afar!
* * * LOW HITPOINT WARNING * * *
You are splashed with acid!
* * * LOW HITPOINT WARNING * * *
The worldbinder barely misses you. x2
The goliath frog hits you but does no damage.
You bump into the stone wall.
The swamp drake disappears in a puff of smoke!
The worldbinder hits you but does no damage.
The worldbinder misses you. The goliath frog misses you.
The worldbinder closely misses you.
The worldbinder hits you but does no damage.
The goliath frog hits you from afar!!
* * * LOW HITPOINT WARNING * * *
The acid corrodes you!
You are splashed with acid!
You die...

# . # #.. ###
# ##.. . .###
# . #.#
#####..#
##..# .#. ..
. ###.#ยง...#
. .##
#.....#.#@xF#
. .# .. ..
.#.##...# ..
. # .
###....#.# ..
.. .
#####.......
. .#.... # ..
..#. . .##.
.. .# # . # .
.#.. . . .#
.. .#. #..# .
. . .# ##....


You could see a goliath frog (summoned) and a worldbinder.

Vanquished Creatures
  2 two-headed ogres
  The ghost of p0werm0de the Fighter, a novice MiCK of Xom (D:8)
  4 skeletal warriors (D:8)
  A rust devil (Abyss:1)
  Psyche (D:9)
  A komodo dragon (D:8)
  Maggie (D:6)
  An ancient zyme (Abyss:1)
  A troll (D:8)
  A hornet (D:8)
  19 yaks (D:9)
  Eustachio (D:6)
  A wraith (D:9)
  A steam dragon (D:7)
  An acid dragon (D:9)
  3 wargs (D:8)
  2 water moccasins
  4 orc warriors
  A black bear (D:6)
  An ice beast (D:7)
  4 sky beasts
  A hornet zombie (D:7)
  3 ogres
  2 necrophages
  2 centaurs
  4 phantoms
  A kobold brigand (D:7)
  2 bullfrogs
  A wyvern zombie (D:8)
  3 scorpions
  A gnoll sergeant (D:7)
  A water moccasin zombie (D:5)
  8 killer bees (D:9)
  A howler monkey (D:7)
  2 centaur zombies
  A bullfrog zombie (D:7)
  2 jellies
  9 orc priests
  A centaur skeleton (D:5)
  A gnoll shaman (D:7)
  Jessica (D:3)
  A bullfrog skeleton (D:5)
  2 iguanas
  11 orc wizards
  A hound skeleton (D:4)
  7 gnolls
  2 howler monkey skeletons (D:7)
  A howler monkey zombie (D:7)
  7 adders
  A white imp (D:5)
  2 ufetubi
  A dart slug (D:4)
  23 orcs
  5 ball pythons
  7 bats
  7 endoplasms
  3 giant cockroaches
  7 hobgoblins
  4 jackals
  13 kobolds
  4 quokkas
  5 frilled lizards
  A goblin (D:1)
214 creatures vanquished.

Vanquished Creatures (others)
  A kobold (D:7)
  2 fungi (D:8)
  A plant (D:9)
  2 withered plants (D:8)
6 creatures vanquished.

Grand Total: 220 creatures vanquished

Notes
Turn   | Place    | Note
-------+----------+-------------------------------------------
     0 | D:1      | septik the Minotaur Berserker began the quest for the Orb.
     0 | D:1      | Reached XP level 1. HP: 19/19 MP: 0/0
   123 | D:1      | Reached skill level 4 in Axes
   400 | D:1      | Reached XP level 2. HP: 26/26 MP: 1/1
   818 | D:1      | Reached skill level 5 in Axes
  1250 | D:2      | Reached XP level 3. HP: 31/31 MP: 2/2
  1434 | D:2      | Reached ** piety under Trog
  1798 | D:3      | Found Rypy's Assorted Antiques.
  1946 | D:3      | Found an ornate altar of the Wu Jian Council.
  2014 | D:3      | Noticed Jessica
  2020 | D:3      | Killed Jessica
  2021 | D:3      | Reached skill level 6 in Axes
  2021 | D:3      | Reached XP level 4. HP: 39/39 MP: 3/3
  2112 | D:3      | Found a white marble altar of Elyvilon.
  2442 | D:3      | Reached skill level 7 in Axes
  2442 | D:3      | Reached XP level 5. HP: 45/45 MP: 4/4
  2442 | D:3      | Found a shimmering altar of Xom.
  2610 | D:3      | Found Dicvao's Magic Scroll Emporium.
  2618 | D:3      | Bought a scroll of identify for 24 gold pieces
  2618 | D:3      | Bought a scroll of teleportation for 36 gold pieces
  2741 | D:3      | Found Kuhes's Distillery.
  2749 | D:3      | Bought a potion of might for 56 gold pieces
  3035 | D:4      | Found a staircase to the Ecumenical Temple.
  3133 | D:4      | Reached skill level 8 in Axes
  3133 | D:4      | Reached XP level 6. HP: 29/51 MP: 5/5
  3396 | D:4      | Found a burning altar of Makhleb.
  3728 | D:4      | Reached skill level 9 in Axes
  4043 | D:5      | Entered Level 5 of the Dungeon
  4062 | D:5      | Reached XP level 7. HP: 43/57 MP: 6/6
  4148 | D:5      | Reached skill level 10 in Axes
  4413 | D:5      | Reached skill level 11 in Axes
  4600 | D:5      | Reached XP level 8. HP: 57/64 MP: 7/7
  4718 | D:5      | Identified the +8 dagger of the Hungering Sybil {pain, rN++
                  | Stlth+}
  4744 | D:5      | Reached skill level 12 in Axes
  5426 | D:6      | Reached *** piety under Trog
  5491 | D:6      | Noticed Eustachio
  5502 | D:6      | Reached skill level 13 in Axes
  5507 | D:6      | Killed Eustachio
  5556 | D:6      | Noticed Maggie
  5578 | D:6      | Killed Maggie
  5579 | D:6      | Reached skill level 14 in Axes
  5582 | D:6      | Upgraded the game from 0.28-a0-1395-g4f6bc678fa to
                  | 0.28-a0-1404-g4df0f3684d
  5618 | D:6      | Reached XP level 9. HP: 71/71 MP: 8/8
  5801 | D:6      | Upgraded the game from 0.28-a0-1404-g4df0f3684d to
                  | 0.28-a0-1412-gf95308ed99
  6174 | D:7      | Reached skill level 5 in Fighting
  6473 | D:7      | Noticed a two-headed ogre
  6480 | D:7      | Killed a two-headed ogre
  6511 | D:7      | Identified the +0 robe of Prudence {+Inv}
  6648 | D:7      | Found Jikibic's Armour Shoppe.
  6772 | D:7      | Identified the +1 robe "Rofopise" {Drain Regen+ Str+3
                  | Stlth+}
  7042 | D:7      | Reached XP level 10. HP: 87/88 MP: 9/9
  7238 | D:7      | Found a sparkling altar of Nemelex Xobeh.
  7465 | D:8      | Found a runed translucent door.
  7467 | D:8      | Noticed p0werm0de's ghost (novice MiCK)
  7646 | D:8      | Found a sacrificial altar of Ru.
  7727 | D:8      | Reached **** piety under Trog
  7996 | D:8      | Noticed a skeletal warrior
  7998 | D:8      | Noticed a skeletal warrior
  8003 | D:8      | Noticed a skeletal warrior
  8004 | D:8      | Killed a skeletal warrior
  8011 | D:8      | Noticed a skeletal warrior
  8016 | D:8      | Killed a skeletal warrior
  8018 | D:8      | Killed a skeletal warrior
  8019 | D:8      | Reached skill level 15 in Axes
  8023 | D:8      | Killed a skeletal warrior
  8024 | D:8      | Reached skill level 10 in Fighting
  8218 | D:8      | Killed p0werm0de's ghost
  8219 | D:8      | Reached skill level 10 in Armour
  8219 | D:8      | Reached XP level 11. HP: 101/101 MP: 10/10
  8266 | D:9      | Found a broken altar of Ashenzari.
  8270 | D:9      | Noticed a two-headed ogre
  8309 | D:9      | Found a staircase to the Lair.
  8310 | D:9      | Noticed Psyche
  8458 | D:9      | Killed Psyche
  8497 | D:9      | Found a basalt altar of Yredelemnul.
  8790 | D:9      | Found a radiant altar of Vehumet.
  9008 | D:9      | Reached skill level 16 in Axes
  9037 | D:9      | Found a staircase to the Orcish Mines.
  9069 | D:9      | Noticed Erolcha
  9078 | D:9      | Killed a two-headed ogre
  9080 | D:9      | Cast into level 1 of the Abyss (Erolcha)
  9130 | Abyss:1  | Noticed a goliath frog
  9140 | Abyss:1  | Noticed a bog body
  9145 | Abyss:1  | Noticed a goliath frog
  9149 | Abyss:1  | HP: 3/104 [goliath frog[a worldbinder] (18)]
  9149 | Abyss:1  | Splashed by a goliath frog's acid

Illustrated notes

Levels and vault maps discovered:
D:1:      lightli_arrival_chessboard, layout_basic
D:2:      layout_basic
D:3:      layout_basic, nicolae_wu_jian_glorious_leap, xom_confusion_cloud,
          mainiacjoe_overflow_concentric_impassable, serial_shops, shop,
          nicolae_shop_waterfront, shop, kennysheep_big_empty_room,
          corexii_hall_statues_i, uniq_jessica
D:4:      layout_gridville, amcnicky_altar_gilded,
          minmay_temple_entry_glassed_door
D:5:      layout_loops_corners, serial_bayou_pond_d
D:6:      layout_loops_cross, uniq_maggie, uniq_eustachio
D:7:      minmay_bubble_buster, layout_loops_corners,
          mainiacjoe_overflow_cross_hatched, serial_shops, shop
D:8:      layout_basic, mainiacjoe_overflow_boulevard, gammafunk_ghost_grave
D:9:      argonaut_augean_stables, layout_loops_ring, vehumet_crystals,
          yredelemnul_altar_generic, nicolae_ashenzari_panopticon,
          erik_lair_orcish_takeover, kennysheep_dice, uniq_erolcha, uniq_psyche
Abyss:1:  base: Temple, hangedman_decor_riveting, hangedman_decor_riveting

Skill      XL: |  1  2  3  4  5  6  7  8  9 10 11 |
---------------+----------------------------------+-----
Axes           | 4 5 6 7 8 9 11 14 15 16 | 16.2
Fighting       | 4 8 10 11 | 11.9
Armour         | 3 7 10 11 | 11.6
Dodging        | |  2.1

Action                   |  1- 3 |  4- 6 |  7- 9 | 10-12 || total
-------------------------+-------+-------+-------+-------++-------
Melee: Hand axe          |    70 |    96 |   266 |       ||   432
       Headbutt          |    10 |     9 |    59 |    57 ||   135
       Punch             |       |       |     2 |       ||     2
       War axe           |       |       |    28 |   240 ||   268
Invok: Berserk           |     1 |     3 |     5 |     7 ||    16
       Trog's Hand       |     1 |     3 |     2 |     2 ||     8
  Use: Scroll            |       |     2 |       |       ||     2
 Stab: Distracted        |     1 |       |       |       ||     1
Armor: Animal skin       |    15 |       |       |       ||    15
       Ring mail         |       |    16 |       |       ||    16
       Chain mail        |       |    19 |    58 |       ||    77
       Scale mail        |       |       |     1 |    57 ||    58
Dodge: Dodged            |    45 |    51 |   135 |   203 ||   434

Table legend: (Time is in decaauts)
 A = Elapsed time spent in this place.
 B = Non-inter-level travel time spent in this place.
 C = Inter-level travel time spent in this place.
 D = Time resting spent in this place.
 E = Time spent auto-exploring this place.
 F = Levels seen in this place.
 G = Mean time per level.
                   A        B        C        D        E       F      G
               +--------+--------+--------+--------+--------+-----+--------+
         Total |   9108 |   8716 |    392 |    724 |   6369 |  10 |  910.8 |
       Dungeon |   9038 |   8646 |    392 |    724 |   6369 |   9 | 1004.2 |
         Abyss |     70 |     70 |      0 |      0 |      0 |   1 |   70.0 |
               +--------+--------+--------+--------+--------+-----+--------+

Top non-repeatable levels by time:
     D:7: 1294 daAuts
     D:5: 1289 daAuts
     D:3: 1189 daAuts
     D:4: 1092 daAuts
     D:1: 1090 daAuts
     D:8: 853 daAuts
     D:9: 765 daAuts
     D:6: 752 daAuts
     D:2: 711 daAuts
 Abyss:1: 70 daAuts
